 Dungeon Crawl Stone Soup version 0.31.0-9-g3a7656b989 (webtiles) character file.

Game seed: 3564937492804826664

21 MacCMillion the Magician (level 3, 25/25 HPs)
             Began as a Djinni Alchemist on Jan 28, 2024.
             Quit the game on level 2 of the Dungeon.
             The game lasted 00:02:04 (654 turns).

MacCMillion the Magician (Djinni Alchemist)          Turns: 654, Time: 00:02:05

Health: 25/25      AC:  2    Str:  9    XL:     3   Next: 2%
Gold:   89         EV: 12    Int: 16    God:
                   SH:  0    Dex: 13

rFire   + + .        d - +0 short sword
rCold   x . .        (no shield)
rNeg    . . .        a - +0 robe
rPois   ∞            (no helmet)
rElec   .            (no cloak)
rCorr   .            (no gloves)
SInv    .            (boots unavailable)
Will    .....        (no amulet)
Stlth   ++           (no ring)
HPRegen 0.24/turn    (no ring)
MPRegen 0.00/turn

%: no passive effects
@: flying
A: sickness immunity, fire resistance 2, cold vulnerability 1, float, innate
caster, HP casting, extra vitality 1
a: no special abilities


You were on level 2 of the Dungeon.
You visited 1 branch of the dungeon, and saw 2 of its levels.

You collected 89 gold pieces.

Inventory:

Hand Weapons
 d - a +0 short sword (weapon)
Armour
 a - a +0 robe (worn)
Scrolls
 b - 2 scrolls of identify {unknown}
 c - a scroll of revelation {unknown}
 e - a scroll of fog {unknown}


   Skills:
 - Level 2.1 Dodging
 + Level 1.9 Stealth
 + Level 3.6 Spellcasting
 + Level 3.6 Conjurations
 + Level 3.6 Hexes
 + Level 3.6 Summonings
 + Level 3.6 Necromancy
 + Level 3.6 Translocations
 + Level 3.6 Fire Magic
 + Level 3.6 Ice Magic
 + Level 3.6 Air Magic
 + Level 3.6 Earth Magic
 + Level 3.6 Alchemy


You knew the following spells:

 Your Spells              Type           Power      Damage    Failure   Level
a - Sting                 Conj/Alch      56%        1d6       4%          1
b - Mercury Vapours       Alch/Air       28%        N/A       6%          2
c - Mephitic Cloud        Conj/Alch/Air  14%        N/A       12%         3
d - Olgreb's Toxic Radia  Alch           14%        N/A       36%         4
e - Sticky Flame          Fire/Alch      14%        2d5       36%         4
f - Necrotise             Necr           56%        1d6       4%          1
Your spell library was empty.

Dungeon Overview and Level Annotations

Branches:
Dungeon (2/15)

Altars:


Innate Abilities, Weirdness & Mutations

You are immune to sickness and miasma.
You are immune to poison.
Your flesh is very heat resistant. (rF++)
You are vulnerable to cold. (rC-)
You float through the air rather than walking.
You learn spells naturally, not from books.
Your magical power is your life essence.
You have superior vitality. (+4 MHP)


Message History

e - a scroll labelled NUMORE AF ELIRR Done exploring.
Done exploring.
There is an open door here.
You see here a hobgoblin corpse.
Done exploring.
Done exploring.
Done exploring.
Okay, then.
Okay, then.
You reach down and open the door.
There is an open door here.
There is a staircase leading out of the dungeon here.
There is a stone staircase leading down here.
You fly downwards.
Found 3 poisoned darts.
There is a stone staircase leading up here.
You see here 3 poisoned darts.
A giant cockroach comes into view.
A giant cockroach is nearby!
The sting hits the giant cockroach but does no damage.
The giant cockroach is poisoned.
You hit the giant cockroach.
You kill the giant cockroach!
You see here a giant cockroach corpse.
You now have 78 gold pieces (gained 9).
You now have 89 gold pieces (gained 11).
A giant cockroach comes into view.
A giant cockroach is nearby!
A giant cockroach is nearby!
The sting hits the giant cockroach.
The giant cockroach is poisoned.
The giant cockroach is moderately wounded.
You kill the giant cockroach!
You have reached level 3!
Your experience leads to an increase in your attributes!
Increase (S)trength, (I)ntelligence, or (D)exterity?
You feel stronger. x2
The power to cast Necrotise wells up from within.
Spell assigned to 'f'.
Are you sure you want to abandon this character and quit the game? (Confirm with "yes".)

..#
#.#
#.#
#.#
#.#
#.#
#.#
###.#
#.@.#
#.###
#.#
#.#
#.#
#.#
#.#
#.#
#.#


There were no monsters in sight!

Vanquished Creatures
  2 ball pythons (D:1)
  An endoplasm (D:1)
  2 giant cockroaches (D:2)
  4 goblins (D:1)
  4 hobgoblins (D:1)
  A quokka (D:1)
  A frilled lizard (D:1)
  3 rats (D:1)
18 creatures vanquished.

Notes
Turn   | Place    | Note
-------+----------+-------------------------------------------
     0 | D:1      | MacCMillion the Djinni Alchemist began the quest for the
                  | Orb.
     0 | D:1      | MacCMillion set off with the following spells memorised:
                  | Sting, Mercury Vapours, Mephitic Cloud, Olgreb's Toxic
                  | Radiance, Sticky Flame.
     0 | D:1      | Reached XP level 1. HP: 15/15 MP: 0/0
   196 | D:1      | Reached XP level 2. HP: 21/21 MP: 0/0
   654 | D:2      | Reached XP level 3. HP: 25/25 MP: 0/0
   654 | D:2      | Learned a level 1 spell: Necrotise
   654 | D:2      | Quit the game

Illustrated notes

Levels and vault maps discovered:
D:1:      dpeg_arrival_pits, layout_basic, nrook_uturn
D:2:      layout_basic, basic_altar, wad_orctagon

Action                     || total
---------------------------++-------
  Melee: Short sword       ||     1
   Cast: Sting             ||    22
 Armour: Robe              ||     2
  Dodge: Dodged            ||     3
